Map: Abyssal Reef LE

Players

AlaStOr - Winner!

  • Race: Zerg Zerg
  • League: Master
  • Spawn Location: 5:00

Railgan

  • Race: Zerg Zerg
  • League: Master
  • Spawn Location: 11:00

VOD

Have the link to the VOD?

Description

Time

  • Played on: March 1, 2017, 6:19 p.m.
  • Length: 9:17
Show
View Real Time Build Order
Export as new Build Order

AlaStOr Zerg - Winner!

Build Orders: Hatch First 

Get SALT Encoding   

  12  0:00  Drone  
  13  0:12  Overlord  
  13  0:17  Drone  
  14  0:31  Drone x2  
  14  0:34  Drone  
  17  0:52  Hatchery  
  17  0:55  Drone  
  17  0:58  Extractor  
  16  1:11  Spawning Pool  
  16  1:14  Drone  
  16  1:19  Drone  
  16  1:22  Drone  
  18  1:28  Drone  
  19  1:38  Overlord  
  19  1:58  Metabolic Boost, Queen  
  21  2:04  Queen  
  21  2:05  Zergling x2  
  24  2:08  Zergling x2  
  24  2:11  Zergling x2  
  24  2:15  Zergling x2  
  27  2:17  Zergling x2  
  29  2:22  Zergling x2  
  29  2:27  Zergling x2  
  30  2:32  Zergling x2  
  30  2:34  Queen  
  33  2:38  Overlord  
  34  2:44  Zergling x2  
  34  2:50  Zergling x2  
  35  2:54  Zergling x2  
  36  3:01  Zergling x2  
  37  3:08  Zergling x6  
  37  3:11  Zergling x2  
  41  3:13  Zergling x6  
  41  3:19  Overlord  
  44  3:25  Overlord  
  44  3:33  Overlord  
  44  3:37  Drone  
  39  3:59  Drone x3  
  39  4:04  Drone  
  39  4:05  Drone x4  
  40  4:11  Drone  
  40  4:12  Drone  
  41  4:17  Overlord  
  41  4:19  Drone x2  
  43  4:24  Roach Warren  
  43  4:25  Extractor  
  43  4:29  Evolution Chamber  
  40  4:39  Overlord  
  40  4:40  Drone x2  
  40  4:42  Drone  
  43  4:46  Extractor  
  43  4:48  Drone x2  
  43  4:50  Overlord  
  44  5:04  Roach x3  
  44  5:05  Roach x2  
  54  5:10  Overlord  
  54  5:16  Roach  
  56  5:24  Roach x3  
  62  5:31  Overlord  
  62  5:32  Drone x2  
  62  5:40  Zerg Missile Weapons Level 1  
  62  5:45  Hatchery  
  62  5:46  Drone x2  
  62  5:47  Drone x2  
  65  5:53  Drone x3  
  68  5:57  Drone  
  68  5:58  Drone  
  68  6:03  Drone x2  
  72  6:08  Lair  
  72  6:10  Overlord  
  72  6:15  Overlord  
  72  6:30  Overlord  
  72  6:32  Roach x3  
  80  6:33  Roach x2  
  82  6:43  Roach x2  
  82  6:44  Roach x3  
  92  6:53  Overlord  
  92  6:55  Drone x3  
  95  7:01  Overlord  
  95  7:04  Roach  
  95  7:06  Glial Reconstitution  
  95  7:08  Ravager x3  
  99  7:11  Roach, Zergling x4  
  99  7:12  Zergling x6  
  106  7:17  Roach x2  
  106  7:22  Zergling x6  
  113  7:27  Ravager  
  113  7:29  Roach  
  116  7:32  Roach  
  116  7:33  Zergling x2  
  116  7:35  Roach  
  121  7:40  Roach x2  
  125  7:45  Roach x2  
  125  7:46  Zergling x8  
  125  7:53  Queen x2  
  127  8:00  Roach x3  
  133  8:11  Roach x5  
  132  8:21  Roach  
  132  8:22  Roach x2, Zergling x8  
  132  8:23  Zergling x2  
  129  8:28  Roach  
  118  8:38  Roach x4, Zergling x6  
  129  8:43  Roach x2  
  133  8:49  Roach x2  
Show
View Real Time Build Order
Export as new Build Order

Railgan Zerg 

Build Orders: Pool First 

Get SALT Encoding   

  12  0:01  Drone  
  13  0:12  Overlord  
  13  0:17  Drone  
  14  0:30  Drone x2  
  16  0:35  Drone  
  17  0:45  Spawning Pool  
  17  0:48  Drone  
  17  1:03  Drone  
  18  1:12  Hatchery  
  18  1:18  Extractor, Drone  
  17  1:20  Drone  
  18  1:32  Queen  
  20  1:36  Spine Crawler  
  19  1:41  Drone  
  19  1:43  Drone  
  21  1:49  Overlord  
  22  2:07  Queen  
  24  2:10  Drone  
  24  2:15  Drone  
  26  2:21  Baneling Nest  
  25  2:23  Drone  
  25  2:24  Queen  
  25  2:26  Zergling x2  
  29  2:33  Drone  
  30  2:37  Drone  
  30  2:39  Overlord  
  30  2:41  Drone  
  30  2:42  Drone  
  33  2:47  Drone  
  33  2:48  Zergling x2  
  35  2:59  Drone  
  35  3:01  Roach Warren  
  35  3:05  Overlord  
  35  3:07  Drone  
  35  3:11  Overlord  
  36  3:13  Baneling  
  36  3:14  Baneling  
  36  3:20  Overlord  
  36  3:28  Baneling x2  
  36  3:31  Zergling x2  
  36  3:32  Zergling x2  
  36  3:33  Zergling x6  
  36  3:34  Zergling x2  
  42  3:41  Roach  
  44  3:45  Roach  
  44  3:46  Roach  
  44  3:57  Zergling x10  
  44  4:02  Roach  
  42  4:03  Roach  
  42  4:05  Baneling x2  
  42  4:12  Zergling x2  
  34  4:22  Baneling  
  34  4:24  Drone  
  35  4:29  Drone  
  35  4:30  Drone  
  38  4:38  Drone  
  38  4:44  Drone x2  
  38  4:45  Drone  
  41  4:54  Drone  
  41  4:55  Drone  
  43  5:01  Queen  
  43  5:04  Drone  
  47  5:07  Drone  
  47  5:15  Evolution Chamber  
  47  5:17  Drone x2  
  47  5:29  Drone  
  47  5:32  Lair  
  47  5:33  Overlord  
  47  5:35  Roach  
  42  5:37  Roach  
  42  5:40  Roach  
  42  5:41  Drone  
  47  5:45  Extractor x2  
  47  5:48  Drone x2  
  47  5:52  Zerg Missile Weapons Level 1  
  47  5:54  Drone  
  47  5:56  Drone  
  49  5:59  Drone  
  49  6:01  Drone  
  51  6:04  Drone  
  51  6:06  Drone x2  
  54  6:12  Overlord  
  54  6:13  Drone  
  54  6:16  Drone  
  54  6:17  Drone  
  57  6:20  Drone  
  58  6:25  Overlord  
  58  6:30  Glial Reconstitution  
  58  6:31  Roach  
  60  6:34  Roach  
  60  6:38  Roach x2  
  66  6:41  Roach  
  66  6:45  Roach  
  70  6:47  Roach  
  70  6:49  Roach  
  70  6:51  Roach  
  76  7:05  Hatchery  
  76  7:07  Baneling  
  75  7:10  Overlord  
  75  7:12  Roach  
  75  7:13  Roach x2  
  81  7:16  Roach  
  83  7:23  Overlord  
  83  7:26  Overlord  
  83  7:31  Roach x4  
  91  7:39  Overlord x2  
  91  7:42  Roach  
  91  7:43  Roach  
  94  7:52  Roach x4  
  94  7:56  Roach  
  102  7:59  Roach  
  102  8:04  Roach  
  106  8:10  Roach x4  
  108  8:16  Roach  
  107  8:21  Roach x2  
  87  8:29  Roach  
  87  8:34  Roach  
  75  8:39  Roach x4  
  82  8:41  Ravager  
  82  8:44  Roach  
  82  8:51  Roach x4  
  86  8:58  Roach  
Tags
 
Add a new tag
Caveats
  • Supply blocks, unpowered buildings, or Contaminate may cause inaccurate times.
  • Supply counts are checked every 10 seconds.